Map: Goldenaura LE

Players

Anthony - Winner!

  • Race: Terran Terran
  • League: Silver

Sole

  • Race: Zerg Zerg

VOD

Have the link to the VOD?

Description

Cyclone opener

Time

  • Played on: Sept. 21, 2023, 11:18 p.m.
  • Length: 6:54
Show
View Real Time Build Order
Export as new Build Order

Anthony Terran - Winner!

Build Orders: 2 Factory, Cyclone Opening 

Get SALT Encoding   

  12  0:00  SCV  
  13  0:12  SCV  
  14  0:19  Supply Depot  
  14  0:25  SCV  
  14  0:27  Refinery  
  15  0:40  SCV  
  16  0:47  Barracks  
  16  0:52  SCV  
  17  1:05  SCV  
  18  1:21  SCV  
  19  1:34  Marine  
  19  1:36  Orbital Command  
  19  1:37  Factory  
  20  1:52  Barracks Reactor  
  20  1:57  Command Center  
  20  2:02  SCV  
  21  2:09  Supply Depot  
  21  2:14  SCV  
  22  2:16  Refinery  
  22  2:27  SCV  
  23  2:33  Cyclone  
  23  2:35  Cyclone  
  27  2:43  SCV  
  28  2:55  SCV  
  29  3:02  Factory  
  29  3:05  Barracks Reactor  
  29  3:07  SCV  
  29  3:10  Orbital Command  
  30  3:16  Cyclone  
  32  3:20  Cyclone  
  32  3:21  SCV  
  32  3:26  Supply Depot  
  35  3:34  SCV  
  36  3:46  SCV  
  36  3:48  Cyclone  
  39  3:55  SCV  
  40  3:58  SCV  
  40  3:59  Cyclone  
  41  4:03  Cyclone x2  
  41  4:07  SCV  
  46  4:10  SCV  
  46  4:11  Supply Depot  
  47  4:19  SCV  
  47  4:20  Cyclone  
  50  4:28  SCV  
  50  4:31  SCV, Cyclone  
  52  4:35  Cyclone  
  52  4:37  Cyclone  
  58  4:40  SCV  
  58  4:43  SCV  
  60  4:45  Supply Depot  
  60  4:47  Supply Depot  
  60  4:52  Cyclone  
  62  4:58  SCV  
  62  5:07  SCV, Cyclone x2  
  62  5:11  SCV  
  62  5:13  Supply Depot  
  68  5:19  SCV  
  68  5:21  Cyclone  
  67  5:23  SCV  
  67  5:24  Cyclone  
  70  5:31  SCV  
  70  5:35  SCV  
  72  5:36  Supply Depot  
  72  5:39  Cyclone, Command Center  
  72  5:43  SCV  
  72  5:49  Cyclone  
  75  5:50  SCV  
  75  5:53  Cyclone  
  75  5:55  SCV  
  75  5:56  Refinery x2  
  79  5:59  Supply Depot  
  79  6:03  Cyclone  
  81  6:05  Supply Depot  
  81  6:10  SCV  
  81  6:11  SCV, Cyclone  
  77  6:23  SCV x2  
  81  6:35  SCV  
Show
View Real Time Build Order
Export as new Build Order

Sole Zerg 

Build Orders: Hatch First 

Get SALT Encoding   

  12  0:00  Drone  
  13  0:12  Overlord  
  13  0:17  Drone  
  14  0:30  Drone x2  
  14  0:34  Drone  
  17  0:52  Hatchery  
  17  0:56  Drone  
  17  1:10  Spawning Pool  
  16  1:13  Drone  
  16  1:18  Drone  
  18  1:20  Drone  
  18  1:23  Extractor  
  18  1:30  Drone  
  19  1:43  Overlord  
  19  1:52  Drone  
  20  1:57  Queen  
  22  2:04  Drone  
  22  2:05  Queen  
  22  2:06  Drone  
  26  2:11  Drone  
  27  2:26  Hatchery  
  27  2:29  Drone x2  
  28  2:37  Queen  
  28  2:39  Zergling x2  
  31  2:47  Queen  
  33  2:51  Overlord  
  33  2:58  Drone x2  
  35  2:59  Drone  
  35  3:03  Overlord  
  36  3:19  Spine Crawler  
  35  3:22  Queen  
  35  3:25  Roach Warren  
  35  3:38  Evolution Chamber  
  34  3:41  Evolution Chamber  
  33  3:50  Queen x2  
  37  4:00  Drone x4  
  37  4:01  Drone x3  
  44  4:23  Roach x6  
  44  4:24  Roach  
  56  4:41  Overlord x4  
  54  4:49  Spine Crawler  
  54  4:52  Overlord  
  51  5:05  Drone  
  51  5:06  Drone x4  
  56  5:09  Lair  
  50  5:21  Roach x2  
  52  5:29  Roach  
  52  5:34  Queen  
  52  5:35  Queen  
  58  5:38  Roach  
  54  5:51  Roach  
  54  5:54  Extractor  
  54  5:55  Drone x3  
  58  5:58  Drone x2  
  58  5:59  Extractor, Drone  
  58  6:00  Roach  
  46  6:20  Spine Crawler  
  46  6:21  Roach x3  
  47  6:27  Roach x2  
  47  6:31  Roach  
  53  6:36  Extractor  
Tags
 
Add a new tag
Caveats
  • Supply blocks, unpowered buildings, or Contaminate may cause inaccurate times.
  • Supply counts are checked every 10 seconds.